SAA
GURDON PELICANS @ GLENDALE HERONS
09/12/2020
 
TOP OF THE 1ST
Gurdon Pelicans batting - Pitching for Glendale Herons : RHP Bob McGhee
Pitching: RHP Bob McGhee
Batting: RHB José Muńóz 0-0: Bunt for hit - play at first, batter OUT! 5-3
Batting: SHB Carlos Kramer 0-0: Ball
1-0: Called Strike
1-1: Called Strike
1-2: Strikes out swinging
Batting: LHB Jesús Reyes 0-0: Called Strike
0-1: Ball
1-1: Foul Ball, location: 2F
1-2: Ball
2-2: Foul Ball, location: 2F
2-2: Fly out, F7 (Flyball, 78S)
Top of the 1st over - 0 run(s), 0 hit(s), 0 error(s), 0 left on base; Gurdon 0 - Glendale 0
BOTTOM OF THE 1ST
Glendale Herons batting - Pitching for Gurdon Pelicans : RHP Les Edwards
Pitching: RHP Les Edwards
Batting: RHB José Villegas 0-0: Ball
1-0: Ball
2-0: Foul Ball, location: 2F
2-1: SINGLE (Groundball, 4MD)
Batting: LHB José Rodríguez 0-0: Ball
1-0: Foul Ball, location: 2F
1-1: Ball
2-1: Called Strike
José Villegas is caught stealing 2nd base
2-2: DOUBLE (Line Drive, 7LS)
Batting: RHB Héctor Moreno 0-0: Called Strike
0-1: 2-RUN HOME RUN (Flyball, 8LXD), Distance : 432 ft
Batting: RHB José Mata 0-0: Ball
1-0: Called Strike
1-1: Ball
2-1: Called Strike
2-2: Foul Ball, location: 2F
2-2: Foul Ball, location: 2F
2-2: Foul Ball, location: 2F
2-2: SINGLE (Line Drive, 8LS)
Batting: LHB Pedro Rodríguez 0-0: Called Strike
0-1: Ball
1-1: Foul Ball, location: 2F
1-2: Foul Ball, location: 2F
1-2: Strikes out swinging
Batting: RHB Ángel Ruezga 0-0: Ball
1-0: Fly out, F6 (Popup, 6)
Bottom of the 1st over - 2 run(s), 4 hit(s), 0 error(s), 1 left on base; Gurdon 0 - Glendale 2
TOP OF THE 2ND
Gurdon Pelicans batting - Pitching for Glendale Herons : RHP Bob McGhee
Batting: RHB Alex Maxwell 0-0: Called Strike
0-1: Ball
1-1: Ball
2-1: Foul Ball, location: 2F
2-2: Foul Ball, location: 2F
2-2: Strikes out looking
Batting: RHB Riley Howard 0-0: Foul Ball, location: 2F
0-1: Ball
1-1: Ball
2-1: Called Strike
2-2: Ball
3-2: Fly out, F8 (Flyball, 8RM)
Batting: SHB Lionel Merlet 0-0: Ball
1-0: Ball
2-0: Ball
3-0: Base on Balls
Batting: RHB Bobby Buck 0-0: Foul Ball, location: 2F
0-1: Fly out, F9 (Popup, 89S)
Top of the 2nd over - 0 run(s), 0 hit(s), 0 error(s), 1 left on base; Gurdon 0 - Glendale 2
BOTTOM OF THE 2ND
Glendale Herons batting - Pitching for Gurdon Pelicans : RHP Les Edwards
Batting: LHB Travis Alexander 0-0: Called Strike
0-1: Ground out 4-3 (Groundball, 4M)
Batting: RHB Dave Davis 0-0: SOLO HOME RUN (Flyball, 7D), Distance : 373 ft
Batting: SHB Sherwood Hoffman 0-0: Fly out, F7 (Flyball, 78XD)
Batting: RHB José Villegas 0-0: Ball
1-0: Ball
2-0: Ball
3-0: Called Strike
3-1: Ground out 6-3 (Groundball, 6)
Bottom of the 2nd over - 1 run(s), 1 hit(s), 0 error(s), 0 left on base; Gurdon 0 - Glendale 3
TOP OF THE 3RD
Gurdon Pelicans batting - Pitching for Glendale Herons : RHP Bob McGhee
Batting: RHB Tony Hernández 0-0: Ball
1-0: Foul Ball, location: 2F
1-1: Ball
2-1: Ball
3-1: Base on Balls
Batting: RHB Morton Kelly 0-0: Ball
1-0: Ball
2-0: Called Strike
2-1: Foul Ball, location: 2F
2-2: Ball
3-2: Foul Ball, location: 2F
3-2: Foul Ball, location: 2F
3-2: Grounds into double play, 5-4-3 (Groundball, 5)
Batting: RHB José Muńóz 0-0: Ball
1-0: Ball
2-0: Foul Ball, location: 2F
2-1: Swinging Strike
2-2: Reached on error, E5 (Groundball, 5)
Batting: SHB Carlos Kramer 0-0: Ball
1-0: Ball
2-0: Called Strike
2-1: Ground out 4-3 (Groundball, 4)
Top of the 3rd over - 0 run(s), 0 hit(s), 1 error(s), 1 left on base; Gurdon 0 - Glendale 3
BOTTOM OF THE 3RD
Glendale Herons batting - Pitching for Gurdon Pelicans : RHP Les Edwards
Batting: LHB José Rodríguez 0-0: Called Strike
0-1: Fly out, F7 (Flyball, 7LS)
Batting: RHB Héctor Moreno 0-0: Called Strike
0-1: Swinging Strike
0-2: Strikes out swinging
Batting: RHB José Mata 0-0: Called Strike
0-1: Ball
1-1: Foul Ball, location: 2F
1-2: Fly out, F9 (Flyball, 9M)
Bottom of the 3rd over - 0 run(s), 0 hit(s), 0 error(s), 0 left on base; Gurdon 0 - Glendale 3
TOP OF THE 4TH
Gurdon Pelicans batting - Pitching for Glendale Herons : RHP Bob McGhee
Batting: LHB Jesús Reyes 0-0: Called Strike
0-1: Fly out, F7 (Flyball, 78M)
Batting: RHB Alex Maxwell 0-0: Swinging Strike
0-1: Ball
1-1: Ball
2-1: Ball
3-1: Foul Ball, location: 2F
3-2: Base on Balls
Batting: RHB Riley Howard 0-0: Called Strike
0-1: Ball
1-1: Ball
2-1: Foul Ball, location: 2F
2-2: Strikes out looking
Batting: SHB Lionel Merlet 0-0: Called Strike
0-1: Ball
1-1: Foul Ball, location: 2F
1-2: Foul Ball, location: 2F
1-2: Foul Ball, location: 2F
1-2: Foul Ball, location: 2F
1-2: Ball
2-2: Foul Ball, location: 2F
2-2: Ball
Alex Maxwell is caught stealing 2nd base
Top of the 4th over - 0 run(s), 0 hit(s), 0 error(s), 0 left on base; Gurdon 0 - Glendale 3
BOTTOM OF THE 4TH
Glendale Herons batting - Pitching for Gurdon Pelicans : RHP Les Edwards
Batting: LHB Pedro Rodríguez 0-0: Ball
1-0: Ball
2-0: Foul Ball, location: 2F
2-1: Ball
3-1: Fly out, F7 (Flyball, 7D)
Batting: RHB Ángel Ruezga 0-0: Ball
1-0: Foul Ball, location: 2F
1-1: Ball
2-1: Ball
3-1: Base on Balls
Batting: LHB Travis Alexander Balk!
Ángel Ruezga to second
0-0: Foul Ball, location: 2F
0-1: Ball
1-1: Swinging Strike
1-2: Ball
2-2: Strikes out swinging
Batting: RHB Dave Davis 0-0: Ground out 1-3 (Groundball, 13S)
Bottom of the 4th over - 0 run(s), 0 hit(s), 0 error(s), 1 left on base; Gurdon 0 - Glendale 3
TOP OF THE 5TH
Gurdon Pelicans batting - Pitching for Glendale Herons : RHP Bob McGhee
Batting: SHB Lionel Merlet 0-0: Called Strike
0-1: Fly out, F6 (Popup, 56D)
Batting: RHB Bobby Buck 0-0: Swinging Strike
0-1: Called Strike
0-2: Strikes out swinging
Batting: RHB Tony Hernández 0-0: Swinging Strike
0-1: Ball
1-1: Ground out 6-3 (Groundball, 56)
Top of the 5th over - 0 run(s), 0 hit(s), 0 error(s), 0 left on base; Gurdon 0 - Glendale 3
BOTTOM OF THE 5TH
Glendale Herons batting - Pitching for Gurdon Pelicans : RHP Les Edwards
Batting: SHB Sherwood Hoffman 0-0: Ground out 4-3 (Groundball, 4M)
Batting: RHB José Villegas 0-0: Ball
1-0: Called Strike
1-1: Foul Ball, location: 2F
1-2: Fly out, F8 (Flyball, 8RM)
Batting: LHB José Rodríguez 0-0: Ball
1-0: Called Strike
1-1: Called Strike
1-2: Ball
2-2: Ball
3-2: Foul Ball, location: 2F
3-2: Foul Ball, location: 2F
3-2: Foul Ball, location: 2F
3-2: Base on Balls
Batting: RHB Héctor Moreno 0-0: Foul Ball, location: 2F
0-1: Called Strike
José Rodríguez steals 2nd base
0-2: Hit by Pitch
Batting: RHB José Mata 0-0: Ball
1-0: Called Strike
1-1: Fielders Choice at 2nd, 6-4 (Groundball, 6)
Bottom of the 5th over - 0 run(s), 0 hit(s), 0 error(s), 1 left on base; Gurdon 0 - Glendale 3
TOP OF THE 6TH
Gurdon Pelicans batting - Pitching for Glendale Herons : RHP Bob McGhee
Batting: RHB Morton Kelly 0-0: Ball
1-0: Foul Ball, location: 2F
1-1: Ball
2-1: Foul Ball, location: 2F
2-2: Hit by Pitch
Batting: RHB José Muńóz 0-0: Called Strike
Morton Kelly steals 2nd base
0-1: Swinging Strike
0-2: Ball
1-2: Foul Ball, location: 2F
1-2: Fly out, F6 (Popup, 6MD)
Batting: SHB Carlos Kramer 0-0: Foul Ball, location: 2F
0-1: Ball
1-1: Foul Ball, location: 2F
1-2: Fly out, F7 (Flyball, 78M)
Batting: LHB Jesús Reyes 0-0: Foul Ball, location: 2F
0-1: Swinging Strike
0-2: Ball
1-2: Foul Ball, location: 2F
1-2: Hit by Pitch
Batting: RHB Alex Maxwell 0-0: Called Strike
0-1: Called Strike
0-2: SINGLE (Line Drive, 7S)
Morton Kelly to third
Jesús Reyes to second
Runner from 3rd tries for Home, SAFE, no throw or cutoff
Batting: RHB Riley Howard 0-0: DOUBLE (Flyball, 89XD)
Jesús Reyes scores
Alex Maxwell to third
Runner from 3rd tries for Home, SAFE, no throw or cutoff
Batting: SHB Lionel Merlet 0-0: Fly out, F4 (Line Drive, 4)
Top of the 6th over - 3 run(s), 2 hit(s), 0 error(s), 1 left on base; Gurdon 3 - Glendale 3
BOTTOM OF THE 6TH
Glendale Herons batting - Pitching for Gurdon Pelicans : RHP Les Edwards
Batting: LHB Pedro Rodríguez 0-0: Ball
1-0: Ball
2-0: Called Strike
2-1: Fly out, F8 (Flyball, 8RD)
Batting: RHB Ángel Ruezga 0-0: Foul Ball, location: 2F
0-1: Called Strike
0-2: DOUBLE (Line Drive, 7M)
Batting: LHB Travis Alexander 0-0: Ball
1-0: Ball
2-0: Ball
3-0: Called Strike
3-1: Foul Ball, location: 2F
3-2: Base on Balls
Batting: RHB Dave Davis 0-0: Called Strike
0-1: Ball
1-1: Ball
2-1: Foul Ball, location: 2F
2-2: Fly out, F3 (Popup, 3F)
Batting: SHB Sherwood Hoffman 0-0: Ball
1-0: Ball
2-0: Ball
3-0: Called Strike
3-1: Foul Ball, location: 2F
3-2: 3-RUN HOME RUN (Flyball, 8LXD), Distance : 433 ft
Batting: RHB José Villegas 0-0: Ball
1-0: Called Strike
1-1: Foul Ball, location: 2F
1-2: Foul Ball, location: 2F
1-2: Ball
2-2: Ball
3-2: Fly out, F8 (Flyball, 8LM)
Bottom of the 6th over - 3 run(s), 2 hit(s), 0 error(s), 0 left on base; Gurdon 3 - Glendale 6
TOP OF THE 7TH
Gurdon Pelicans batting - Pitching for Glendale Herons : RHP Bob McGhee
Batting: RHB Bobby Buck 0-0: Foul Ball, location: 2F
0-1: Ball
1-1: Foul Ball, location: 2F
1-2: Ball
2-2: Ball
3-2: Fly out, F9 (Line Drive, 9S)
Batting: RHB Tony Hernández 0-0: Foul Ball, location: 2F
0-1: Ball
1-1: Ball
2-1: SOLO HOME RUN (Flyball, 89D), Distance : 416 ft
Pitching: RHP Rafael Flores
Batting: RHB Morton Kelly 0-0: Ball
1-0: Ball
2-0: Ball
3-0: Called Strike
3-1: Foul Ball, location: 2F
3-2: Foul Ball, location: 2F
3-2: Ground out 5-3 (Groundball, 56)
Batting: RHB José Muńóz 0-0: Ball
1-0: Called Strike
1-1: Ball
2-1: SINGLE (Groundball, 4MD)
Batting: SHB Carlos Kramer 0-0: Ball
José Muńóz steals 2nd base
1-0: Fly out, F7 (Flyball, 7D)
Top of the 7th over - 1 run(s), 2 hit(s), 0 error(s), 1 left on base; Gurdon 4 - Glendale 6
BOTTOM OF THE 7TH
Glendale Herons batting - Pitching for Gurdon Pelicans : RHP Les Edwards
Batting: LHB José Rodríguez 0-0: Called Strike
0-1: Called Strike
0-2: Foul Ball, location: 2F
0-2: Ground out 5-3 (Groundball, 56)
Batting: RHB Héctor Moreno 0-0: Swinging Strike
0-1: Foul Ball, location: 2F
0-2: Fly out, F8 (Flyball, 8RXD)
Batting: RHB José Mata 0-0: Foul Ball, location: 2F
0-1: Ball
1-1: Swinging Strike
1-2: Ball
2-2: Foul Ball, location: 2F
2-2: Fly out, F8 (Flyball, 8RM)
Bottom of the 7th over - 0 run(s), 0 hit(s), 0 error(s), 0 left on base; Gurdon 4 - Glendale 6
TOP OF THE 8TH
Gurdon Pelicans batting - Pitching for Glendale Herons : RHP Rafael Flores
Batting: LHB Jesús Reyes 0-0: Called Strike
0-1: Foul Ball, location: 2F
0-2: Ball
1-2: Strikes out swinging
Batting: RHB Alex Maxwell 0-0: Foul Ball, location: 2F
0-1: SINGLE (Groundball, 6MD)
Pitching: LHP Doug Robinson
Batting: RHB Riley Howard 0-0: Ball
1-0: Called Strike
1-1: Ball
2-1: Ball
3-1: Foul Ball, location: 2F
3-2: Base on Balls
Alex Maxwell to second
Pinch Hitting: RHB Micah Miller 0-0: Called Strike
0-1: Fielders Choice at 3rd, U5 (Groundball, 5L)
Riley Howard to second
Batting: RHB Bobby Buck 0-0: Called Strike
0-1: Ball
1-1: Called Strike
1-2: Ball
2-2: Foul Ball, location: 2F
2-2: Strikes out looking
Top of the 8th over - 0 run(s), 1 hit(s), 0 error(s), 2 left on base; Gurdon 4 - Glendale 6
BOTTOM OF THE 8TH
Glendale Herons batting - Pitching for Gurdon Pelicans : RHP Les Edwards
Pitching: RHP Karl Pratt
Now in RF: Micah Miller
Batting: LHB Pedro Rodríguez 0-0: Ground out 6-3 (Groundball, 4M)
Batting: RHB Ángel Ruezga 0-0: Ball
1-0: Ball
2-0: Ball
3-0: Called Strike
3-1: Foul Ball, location: 2F
3-2: Fly out, F8 (Flyball, 8RXD)
Batting: LHB Travis Alexander 0-0: Called Strike
0-1: Ball
1-1: Called Strike
1-2: Foul Ball, location: 2F
1-2: Strikes out swinging
Bottom of the 8th over - 0 run(s), 0 hit(s), 0 error(s), 0 left on base; Gurdon 4 - Glendale 6
TOP OF THE 9TH
Gurdon Pelicans batting - Pitching for Glendale Herons : LHP Doug Robinson
Pitching: RHP Ralph Harvey
Batting: RHB Tony Hernández 0-0: Ball
1-0: Foul Ball, location: 2F
1-1: Foul Ball, location: 2F
1-2: Ball
2-2: Foul Ball, location: 2F
2-2: Ball
3-2: SINGLE (Flyball, 89S)
Batting: RHB Morton Kelly 0-0: Called Strike
0-1: Foul Ball, location: 2F
0-2: Foul Ball, location: 2F
0-2: Ball
1-2: Fly out, F6 (Popup, 8LS)
Batting: RHB José Muńóz 0-0: Ball
1-0: Ball
2-0: Called Strike
2-1: Foul Ball, location: 2F
2-2: Foul Ball, location: 2F
2-2: Ball
3-2: Grounds into double play, 1-6-3 (Groundball, 25)
Top of the 9th over - 0 run(s), 1 hit(s), 0 error(s), 0 left on base; Gurdon 4 - Glendale 6
This league is powered by Out of the Park Baseball, the baseball management simulation game for PC, Mac and Linux
Friday, October 23rd, 2015 - OOTP Baseball 16.9 Build 39